 Dungeon Crawl Stone Soup version 0.27-a0-263-gc8dee61f84 (webtiles) character file.

Game seed: 7511388408539911410

2166 knot the Cleaver (level 9, 88/96 HPs)
             Began as a Demonspawn Berserker on Feb 5, 2021.
             Was an Elder of Trog.
             Quit the game on level 6 of the Dungeon.
             The game lasted 00:14:04 (8222 turns).

knot the Cleaver (Demonspawn Berserker)             Turns: 8222, Time: 00:14:05

Health: 88/96      AC:  7    Str: 25    XL:     9   Next: 10%
Magic:  9/9        EV: 12    Int:  9    God:    Trog [****..]
Gold:   386        SH:  0    Dex: 13    Spells: 8/8 levels left

rFire    + . .     SeeInvis .   y - +6 war axe of Leciun {freeze, rF+ Str+8 Int-3}
rCold    . . .     Faith    .   (no shield)
rNeg     . . .     Spirit   .   s - +0 ring mail
rPois    +         Reflect  .   (helmet restricted)
rElec    .         Harm     .   (no cloak)
rCorr    .         Rampage  .   C - +1 pair of gloves
Will     ++...                  (no boots)
Stlth    ..........             A - amulet of the acrobat
HPRegen  2.26/turn              m - ring of poison resistance
MPRegen  0.11/turn              w - +4 ring of slaying

@: berserking, regenerating, very quick
A: antennae 2, foul stench 1, powered by death 3
a: Renounce Religion, Berserk, Trog's Hand, Brothers in Arms


You were on level 6 of the Dungeon.
You worshipped Trog.
Trog was greatly pleased with you.
You visited 2 branches of the dungeon, and saw 8 of its levels.

You collected 386 gold pieces.

Inventory:

Hand Weapons
 y - the +6 war axe of Leciun (weapon) {freeze, rF+ Str+8 Int-3}
   (You found it on level 5 of the Dungeon)

   It has been specially enchanted to freeze those struck by it, causing extra
   injury to most foes and up to half again as much damage against particularly
   susceptible opponents.
   It can also slow down cold-blooded creatures.
   It affects your strength (+8).
   It affects your intelligence (-3).
   It protects you from fire.
Missiles
 k - 223 stones
 o - 31 poisoned darts
 t - 4 atropa-tipped darts
 u - 16 sling bullets
 F - 6 boomerangs (quivered)
Armour
 s - a +0 ring mail (worn)
 C - a +1 pair of gloves (worn)
Jewellery
 e - an uncursed ring of protection from cold
 m - a ring of poison resistance (left hand)
 v - an uncursed amulet of guardian spirit
 w - a +4 ring of slaying (right hand)
 x - an uncursed ring of positive energy
 A - an amulet of the acrobat (around neck)
 H - an uncursed ring of protection from fire
 I - an uncursed ring of willpower {unknown}
Wands
 E - a wand of mindburst (5)
 G - a wand of acid (10)
Scrolls
 b - a scroll of random uselessness
 c - 2 scrolls of fog
 g - 5 scrolls of teleportation
 h - 2 scrolls of noise {unknown}
 j - 5 scrolls of immolation {unknown}
 n - 2 scrolls of enchant armour {unknown}
 p - 2 scrolls of fear {unknown}
 q - 5 scrolls of remove curse {unknown}
 r - 2 scrolls of magic mapping {unknown}
 z - a scroll of amnesia
Potions
 a - 2 potions of berserk rage {unknown}
 d - 2 potions of curing
 f - 2 potions of invisibility {unknown}
 i - 3 potions of heal wounds
 l - 3 potions of mutation {unknown}
 B - a potion of attraction {unknown}
 D - a potion of cancellation {unknown}


   Skills:
 - Level 3.6 Fighting
 * Level 8.2 Axes
 * Level 7.1 Throwing
 - Level 2.4 Armour
 - Level 2.5 Dodging


You had 8 spell levels left.
You didn't know any spells.
Your spell library was empty.

Dungeon Overview and Level Annotations

Branches:
Dungeon (7/15)             Temple (1/1) D:4

Altars:
Ashenzari
Cheibriados
Dithmenos
Elyvilon
Fedhas
Gozag
Hepliaklqana
Kikubaaqudgha
Makhleb
Nemelex Xobeh
Okawaru
Qazlal
Ru
Sif Muna
Trog
Uskayaw
Vehumet
Wu Jian
Xom
Yredelemnul
Zin

Shops:
D:6 }

Annotations:
D:7 Prince Ribbit


Innate Abilities, Weirdness & Mutations

You have a pair of antennae on your head.
You may rarely emit foul miasma when damaged in melee.
You regenerate a lot of health from kills.


Message History

Maggie is moderately wounded.
Maggie closely misses you.
You slash Maggie! You freeze Maggie.
Maggie is severely wounded.
You barely miss Maggie.
Maggie is severely wounded.
Maggie completely misses you.
You slash Maggie! You freeze Maggie!
You kill Maggie!
Trog accepts your kill.
Trog appreciates your killing of a magic user.
Your Axes skill increases to level 8!
Your Throwing skill increases to level 7!
You have reached level 9!
Your experience leads to an increase in your attributes!
Your base attributes are Str 17, Int 11, Dex 13.
Increase (S)trength, (I)ntelligence, or (D)exterity?
You feel clever.
Your demonic ancestry asserts itself...
You begin to emit a foul stench of rot and decay.
Are you sure you want to abandon this character and quit the game? (Confirm with "yes".)

#'#+#.#.#.#..#...<.#.#..#
#.#
.............#.#.#.#.####
#.####
......#.#.#..#[....#.#
#.....
.............#.[.#.#.#
#.....
......#.#.#..#<....#.####
#.....
.............##..#.#....#
#.....
#'#'########.......#.##.#
#.....
#............###.######.#
#..... #..........#.#
#@)......# ##'##.
#.......####.#
##############..##
#.......# #.# #..........
#.#'##### #.# #.#########
#.#.# #.# #.# ..#.# #.#
#.# .##.##### #.# #.#
.'..(...# #.# #.#
.######.###############.#


There were no monsters in sight!

Vanquished Creatures
  Maggie (D:6)
  Grinder (D:4)
  Duvessa (D:6)
  An orc warrior (D:6)
  A black bear (D:7)
  3 ogres
  3 centaurs
  2 bullfrogs (D:6)
  Dowan (D:6)
  2 scorpions (D:6)
  The ghost of puppykicker the Vexing, a weakling OgAM (D:3)
  A howler monkey (D:4)
  A bullfrog zombie (D:5)
  4 hounds
  An orc priest (D:7)
  An iguana (D:4)
  Natasha (D:4)
  2 orc wizards (D:6)
  2 worker ants
  9 adders
  A shadow imp (D:5)
  An ufetubus (D:5)
  2 oozes
  9 worms
  4 dart slugs
  3 leopard geckos
  18 orcs
  A ball python (D:1)
  7 giant cockroaches
  8 hobgoblins
  7 jackals
  8 kobolds
  3 quokkas
  10 bats
  2 frilled lizards
  6 goblins
  A leopard gecko skeleton (D:5)
  2 leopard gecko zombies (D:5)
  7 rats
139 creatures vanquished.

Vanquished Creatures (others)
  A plant (D:7)
1 creature vanquished.

Grand Total: 140 creatures vanquished

Notes
Turn   | Place    | Note
-------+----------+-------------------------------------------
     0 | D:1      | knot the Demonspawn Berserker began the quest for the Orb.
     0 | D:1      | Reached XP level 1. HP: 18/18 MP: 1/1
    91 | D:1      | HP: 1/27 [dart slug/slug dart (2)]
   416 | D:1      | Gained mutation: You have a pair of small antennae on your
                  | head. [demonic ancestry]
   416 | D:1      | Reached XP level 2. HP: 23/24 MP: 2/2
   483 | D:1      | Reached skill level 3 in Axes
   998 | D:1      | Reached XP level 3. HP: 16/29 MP: 3/3
  1465 | D:2      | Reached ** piety under Trog
  2416 | D:2      | Gained mutation: You regenerate a little health from kills.
                  | [demonic ancestry]
  2416 | D:2      | Reached XP level 4. HP: 27/35 MP: 4/4
  2547 | D:2      | Found a faded altar of an unknown god.
  2860 | D:3      | Found a burning altar of Makhleb.
  3017 | D:3      | Noticed a centaur
  3028 | D:3      | Killed a centaur
  3029 | D:3      | Reached skill level 4 in Axes
  3029 | D:3      | Reached skill level 1 in Throwing
  3029 | D:3      | Gained mutation: You have a pair of antennae on your head.
                  | [demonic ancestry]
  3029 | D:3      | Reached XP level 5. HP: 41/41 MP: 5/5
  3402 | D:3      | Found a runed translucent gate.
  3402 | D:3      | Found a runed translucent gate.
  3408 | D:3      | Found a runed translucent gate.
  3410 | D:3      | Noticed puppykicker's ghost (weakling OgAM)
  3767 | D:3      | Found an iron altar of Okawaru.
  3767 | D:3      | Found an ornate altar of the Wu Jian Council.
  3768 | D:3      | Found a broken altar of Ashenzari.
  3986 | D:3      | Gained mutation: You regenerate health from kills. [demonic
                  | ancestry]
  3986 | D:3      | Reached XP level 6. HP: 47/47 MP: 6/6
  3992 | D:3      | Reached *** piety under Trog
  4359 | D:3      | Killed puppykicker's ghost
  4461 | D:4      | Reached skill level 5 in Axes
  4471 | D:4      | You fall into a shaft and drop 3 floors!
  4648 | D:7      | Gained mutation: You regenerate a lot of health from kills.
                  | [demonic ancestry]
  4648 | D:7      | Reached XP level 7. HP: 52/52 MP: 5/7
  4895 | D:5      | Entered Level 5 of the Dungeon
  5395 | D:4      | Found a hide-covered altar of Uskayaw.
  5527 | D:4      | Noticed Grinder
  5569 | D:4      | Paralysed by Grinder for 4 turns
  5576 | D:4      | Killed Grinder
  5577 | D:4      | Reached skill level 6 in Axes
  5836 | D:4      | Reached skill level 5 in Throwing
  5836 | D:4      | Reached XP level 8. HP: 59/59 MP: 8/8
  5958 | D:4      | Found a staircase to the Ecumenical Temple.
  5965 | Temple   | Entered the Ecumenical Temple
  6049 | D:4      | Noticed Natasha
  6053 | D:4      | Killed Natasha
  6484 | D:5      | Got a steaming war axe
  6652 | D:5      | Identified the +6 war axe of Leciun {freeze, rF+ Str+8
                  | Int-3} (You found it on level 5 of the Dungeon)
  6861 | D:5      | Found a shimmering altar of Xom.
  6944 | D:5      | Reached skill level 7 in Axes
  7323 | D:6      | Found Kinusa's Gadget Emporium.
  7754 | D:6      | Noticed Dowan
  7755 | D:6      | Noticed Duvessa
  7764 | D:6      | Killed Duvessa
  7764 | D:6      | Reached **** piety under Trog
  7765 | D:6      | Killed Dowan
  8168 | D:7      | Noticed Prince Ribbit
  8203 | D:7      | Noticed Maggie
  8221 | D:6      | Killed Maggie
  8222 | D:6      | Reached skill level 8 in Axes
  8222 | D:6      | Gained mutation: You may rarely emit foul miasma when
                  | damaged in melee. [demonic ancestry]
  8222 | D:6      | Reached XP level 9. HP: 64/64 MP: 9/9
  8222 | D:6      | Quit the game

Illustrated notes

Levels and vault maps discovered:
D:1:      sevenhm_arrival_forest_fort_large_2, layout_basic,
          minmay_misc_feat_five
D:2:      layout_basic, chequers_ecumenical_altar_simple
D:3:      layout_loops_ring, gammafunk_temple_overflow_claw,
          ebering_ghost_rock_garden, roderic_lattice_a,
          makhleb_blood_cavern_becter
D:4:      layout_basic, eat_drink_and_be_merry_uskayaw,
          minmay_temple_entry_mist, skrybe_limestone_x, kennysheep_dice,
          uniq_natasha, uniq_grinder
D:5:      layout_rooms, nicolae_overflow_hidden_temple,
          minmay_fractal_squares_diagonal_5
D:6:      layout_basic, serial_co_window_serial, co_window_corner_a,
          co_window_paths_b, co_window_corner_a, co_window_of_opportunity_a,
          co_window_paths_b, co_window_corner_b, co_window_broadway_c,
          co_window_of_opportunity_c, co_window_broadway_c,
          co_window_broadway_c, glass_columns_b, glass_columns_c,
          glass_columns_a, glass_columns_c, serial_shops, shop, uniq_duvessa
D:7:      layout_basic, sigmund_edmund_badplayer, uniq_maggie,
          uniq_prince_ribbit1
Temple:   nicolae_temple_x_marks_the_god

Skill      XL: |  1  2  3  4  5  6  7  8 |
---------------+-------------------------+-----
Armour         | 2 |  2.4
Dodging        | 2 |  2.5
Axes           | 3 4 5 6 8 |  8.2
Throwing       | 1 2 3 5 7 |  7.1
Fighting       | |  3.6

Action                   |  1- 3 |  4- 6 |  7- 9 || total
-------------------------+-------+-------+-------++-------
Melee: Hand axe          |   159 |   146 |   111 ||   416
       War axe           |       |       |    51 ||    51
Throw: Dart              |       |    11 |    27 ||    38
       Boomerang         |       |       |     7 ||     7
Invok: Berserk           |     4 |     6 |     2 ||    12
       Trog's Hand       |       |     1 |     2 ||     3
Evoke: Wand              |       |       |     5 ||     5
  Use: Scroll            |       |     4 |     6 ||    10
 Stab: Invisible         |       |     1 |       ||     1
Armor: Animal skin       |    31 |       |       ||    31
       Ring mail         |       |    56 |    36 ||    92
Dodge: Dodged            |   114 |    80 |    88 ||   282

Table legend: (Time is in decaauts)
 A = Elapsed time spent in this place.
 B = Non-inter-level travel time spent in this place.
 C = Inter-level travel time spent in this place.
 D = Time resting spent in this place.
 E = Time spent auto-exploring this place.
 F = Levels seen in this place.
 G = Mean time per level.
                   A        B        C        D        E       F      G
               +--------+--------+--------+--------+--------+-----+--------+
         Total |   8375 |   8111 |    264 |   2073 |   4628 |   8 | 1046.9 |
       Dungeon |   8316 |   8061 |    255 |   2073 |   4578 |   7 | 1188.0 |
        Temple |     58 |     50 |      8 |      0 |     50 |   1 |   58.0 |
               +--------+--------+--------+--------+--------+-----+--------+

Top non-repeatable levels by time:
     D:3: 1712 daAuts
     D:2: 1510 daAuts
     D:1: 1325 daAuts
     D:4: 1280 daAuts
     D:6: 1075 daAuts
     D:5: 997 daAuts
     D:7: 415 daAuts
  Temple: 58 daAuts
